 Dungeon Crawl Stone Soup version 0.28.0-45-g0d030f2227 (webtiles) character file.

Game seed: 5507060166773477175

741 GigaChad the Slasher (level 7, 0/59 HPs)
             Began as a Minotaur Gladiator on Apr 12, 2022.
             Was an Initiate of Yredelemnul.
             Slain by a gnoll
             ... wielding a +0 spear
              (3 damage)
             ... on level 5 of the Dungeon.
             The game lasted 00:12:06 (4301 turns).

GigaChad the Slasher (Minotaur Gladiator)           Turns: 4301, Time: 00:12:07

Health: 0/59       AC:  9    Str: 19    XL:     7   Next: 47%
Magic:  6/6        EV:  9    Int:  5    God:    Yredelemnul [......]
Gold:   193        SH:  0    Dex: 13    Spells: 6/6 levels left

rFire   . . .      SeeInvis .   a - +0 long sword
rCold   . . .      Faith    .   (no shield)
rNeg    . . .      Spirit   .   r - +0 chain mail
rPois   .          Reflect  .   c - +0 hat
rElec   .          Harm     .   (no cloak)
rCorr   .          Rampage  .   (no gloves)
Will    .....                   (no boots)
Stlth   ..........              (no amulet)
HPRegen 0.19/turn               (no ring)
MPRegen 0.10/turn               (no ring)

@: no status effects
A: horns 2, retaliatory headbutt
a: Renounce Religion, Recall Undead Harvest


You were on level 5 of the Dungeon.
You worshipped Yredelemnul.
Yredelemnul was noncommittal.
You visited 1 branch of the dungeon, and saw 5 of its levels.

You collected 193 gold pieces.

Inventory:

Hand Weapons
 a - a +0 long sword (weapon)
 p - a +0 shortbow
 s - a +0 halberd
Missiles
 d - 3 throwing nets (quivered)
 q - 26 arrows
Armour
 b - a +0 leather armour
 c - a +0 hat (worn)
 f - a +0 ring mail
 r - a +0 chain mail (worn)
Jewellery
 n - a +6 ring of intelligence
Scrolls
 j - a scroll of brand weapon {unknown}
 t - a scroll of teleportation
 u - a scroll of enchant weapon {unknown}
Potions
 e - 5 potions of flight {unknown}
 g - 6 potions of curing
 h - 2 potions of attraction {unknown}
 i - a potion of berserk rage {unknown}
 k - 3 potions of haste {unknown}
 l - a potion of degeneration {unknown}
 m - a potion of resistance {unknown}
 o - a potion of mutation {unknown}


   Skills:
 + Level 4.2 Fighting
 + Level 7.0 Long Blades
 + Level 2.2 Throwing
 + Level 5.1 Armour
 + Level 5.0 Dodging
 + Level 0.5 Stealth


You had 6 spell levels left.
You didn't know any spells.
Your spell library contained the following spells:

 Spells                   Type           Power      Damage    Failure   Level
 Corpse Rot               Necr/Air       0%         N/A       100%        2
 Poisonous Vapours        Pois/Air       0%         N/A       100%        2
 Maxwell's Capacitive Co  Air            0%         ∞         100%        8


Dungeon Overview and Level Annotations

Branches:
Dungeon (5/15)
 Temple: D:4-7

Altars:
Uskayaw
Yredelemnul


Innate Abilities, Weirdness & Mutations

You have a pair of horns on your head.
You reflexively headbutt those who attack you in melee.


Message History

Your orc wizard zombie closely misses the gnoll.
The gnoll hits your gnoll zombie with a +0 spear.
Your gnoll zombie hits the gnoll.
The gnoll hits your gnoll zombie with a +0 spear.
Your orc wizard zombie hits the gnoll but does no damage.
The gnoll hits your gnoll zombie with a +0 spear.
Your gnoll zombie closely misses the gnoll.
The gnoll hits your gnoll zombie with a +0 spear!
Your gnoll zombie is destroyed!
Your orc wizard zombie hits the gnoll.
The gnoll hits you from afar with a +0 halberd.
* * * LOW HITPOINT WARNING * * *
The gnoll closely misses you. The gnoll hits you but does no damage.
The gnoll barely misses you. You furiously retaliate!
You headbutt the gnoll! You barely miss the gnoll.
The gnoll is heavily wounded.
The gnoll hits you but does no damage. The gnoll closely misses you.
Your orc wizard zombie hits the gnoll.
The gnoll completely misses you.
You slash the gnoll!
You kill the gnoll!
The gnoll hits your orc wizard zombie with a +0 spear!
The gnoll hits you but does no damage.
The gnoll barely misses your orc wizard zombie.
Your orc wizard zombie hits the gnoll.
The gnoll closely misses your orc wizard zombie.
The gnoll hits you from afar with a +0 spear.
* * * LOW HITPOINT WARNING * * *
The gnoll hits you from afar with a +0 halberd.
* * * LOW HITPOINT WARNING * * *
Your orc wizard zombie hits the gnoll.
The gnoll dies!
A black mist starts to gather...
You see here a +0 halberd.
The gnoll hits you but does no damage. x2
You swap places.
Your orc wizard zombie hits the gnoll but does no damage.
The gnoll closely misses you.
The gnoll hits you from afar with a +0 spear.
You die...
Your body rises from the dead as a mindless zombie.

....... #....#.....+
....... #....#.....#
....... #....'....#
...... #....#....#
#.... #.######..#
###....###.######'##
.'.....#g...#......#
#.....ZgZ..#......#
########@)######..#
##Z.######..#
#.).........#
#...........##
#............#
#............#
########.##.## #.#
## ...


You could see 2 gnolls, a wyvern skeleton, a friendly gnoll zombie and a
friendly orc wizard zombie.

Vanquished Creatures
  A centaur (D:4)
  A jelly (D:5)
  2 hounds
  A gnoll shaman (D:5)
  An orc priest (D:5)
  2 centaur skeletons
  An iguana (D:3)
  An orc wizard (D:5)
  Natasha (thrice) (D:4)
  Robin (D:1)
  A howler monkey skeleton (D:4)
  7 adders
  3 gnolls (D:5)
  An adder skeleton (D:4)
  A dart slug (D:3)
  8 orcs
  2 bats
  6 endoplasms
  2 giant cockroaches
  11 goblins
  11 hobgoblins
  2 quokkas
  3 ball pythons
  2 frilled lizards
  2 kobolds (D:1)
  3 rats
79 creatures vanquished.

Vanquished Creatures (collateral kills)
  A water moccasin (D:5)
  2 gnolls (D:5)
  An adder (D:5)
4 creatures vanquished.

Vanquished Creatures (others)
  A hound zombie (D:5)
  A spectral jelly (D:5)
  An adder zombie (D:5)
  A gnoll zombie (D:5)
  2 orc zombies (D:5)
6 creatures vanquished.

Grand Total: 89 creatures vanquished

Notes
Turn   | Place    | Note
-------+----------+-------------------------------------------
     0 | D:1      | GigaChad the Minotaur Gladiator began the quest for the
                  | Orb.
     0 | D:1      | Reached XP level 1. HP: 18/18 MP: 0/0
   165 | D:1      | Found a faded altar of an unknown god.
   183 | D:1      | Prayed at the altar of an unknown god.
   183 | D:1      | Became a worshipper of Uskayaw the Reveller
   183 | D:1      | Reached * piety under Uskayaw
   217 | D:1      | Reached ** piety under Uskayaw
   218 | D:1      | Reached skill level 4 in Long Blades
   409 | D:1      | Reached XP level 2. HP: 25/25 MP: 1/1
   554 | D:2      | Noticed Robin
   570 | D:1      | Killed Robin
   573 | D:1      | Reached XP level 3. HP: 28/30 MP: 2/2
   594 | D:2      | Reached *** piety under Uskayaw
  1303 | D:2      | Got the Incunabulum of Air
  1690 | D:3      | Reached XP level 4. HP: 37/37 MP: 3/3
  1750 | D:3      | Reached skill level 1 in Armour
  2148 | D:3      | Reached skill level 5 in Long Blades
  2590 | D:4      | Reached XP level 5. HP: 42/44 MP: 4/4
  2604 | D:4      | Noticed a centaur
  2620 | D:4      | Killed a centaur
  3096 | D:4      | Reached skill level 6 in Long Blades
  3096 | D:4      | Reached XP level 6. HP: 28/51 MP: 5/5
  3230 | D:4      | Noticed Natasha
  3235 | D:4      | Killed Natasha
  3406 | D:4      | Found a basalt altar of Yredelemnul.
  3613 | D:4      | Noticed Natasha
  3622 | D:4      | Killed Natasha
  3775 | D:4      | Fell from the grace of Uskayaw
  3775 | D:4      | Became a worshipper of Yredelemnul the Dark
  3947 | D:4      | Noticed Natasha
  3959 | D:4      | Killed Natasha
  3976 | D:5      | Entered Level 5 of the Dungeon
  3996 | D:5      | Noticed a water moccasin
  4004 | D:5      | Killed a water moccasin
  4005 | D:5      | Reached XP level 7. HP: 30/58 MP: 6/6
  4154 | D:5      | Reached * piety under Yredelemnul
  4196 | D:5      | Reached skill level 5 in Dodging
  4282 | D:5      | Reached skill level 5 in Armour
  4289 | D:5      | Reached skill level 7 in Long Blades
  4299 | D:5      | HP: 2/59 [gnoll/+0 halberd (3)]
  4301 | D:5      | Slain by a gnoll

Illustrated notes

Levels and vault maps discovered:
D:1:      minmay_arrival_diagonal_passages, layout_basic,
          chequers_ecumenical_altar_simple_redux, minmay_liquid_box
D:2:      layout_loops_corners, st_stairs_14, uniq_robin,
          uniq_crazy_yiuf_cottage
D:3:      layout_rooms
D:4:      layout_layer_cave, mainiacjoe_overflow_alcove_1, uniq_natasha
D:5:      layout_gridville, nicolae_ossuary_entry_catacombs

Skill      XL: |  1  2  3  4  5  6  7 |
---------------+----------------------+-----
Long Blades    | 4 5 6 7 |  7.0
Dodging        | 4 5 |  5.0
Armour         | 2 3 4 5 |  5.1
Fighting       | 3 4 |  4.2
Throwing       | |  2.2
Stealth        | |  0.5

Action                   |  1- 3 |  4- 6 |  7- 9 || total
-------------------------+-------+-------+-------++-------
Melee: Long sword        |    57 |    99 |    26 ||   182
       Headbutt          |     5 |    18 |     6 ||    29
       Punch             |       |     1 |       ||     1
  Use: Scroll            |       |     5 |       ||     5
 Stab: Paralysed         |     1 |       |       ||     1
Armor: Ring mail         |    26 |    35 |     2 ||    63
       Chain mail        |       |       |    14 ||    14
Dodge: Dodged            |    48 |    91 |    24 ||   163
